 Dungeon Crawl Stone Soup version 0.18-a0-455-gc7d4c65 (webtiles) character file.

23 M4edhros the Charlatan (level 2, 0/18 HPs)
             Began as an Octopode Artificer on Dec 1, 2015.
             Slain by a worm (10 damage)
             ... on level 2 of the Dungeon.
             The game lasted 00:00:48 (661 turns).

M4edhros the Charlatan (Octopode Artificer)          Turns: 661, Time: 00:00:48

Health: 0/18       AC:  1    Str: 10    XL:     2   Next: 95%
Magic:  4/4        EV: 12    Int: 14    God:
Gold:   40         SH:  0    Dex: 12    Spells: 0 memorised, 1 level left

rFire  . . .     SeeInvis .     f - +1 spear (venom)
rCold  . . .     Clarity  .     (no shield)
rNeg   . . .     SustAt   .     (helmet restricted)
rPois  .         Gourm    .     (no amulet)
rElec  .         Spirit   .     r - ring of teleportation (curse)
rCorr  .         Dsmss    .     (no ring)
rMut   .         Rnd*Tele +     (no ring)
MR     .....                    (no ring)
Stlth  +++.......               (no ring)
                                (no ring)
                                (no ring)
                                (no ring)

@: very slightly contaminated, not resistant to hostile enchantments, fairly
stealthy
A: almost no armour, amphibious, 8 rings, constrict 8, camouflage 1, gelatinous
body 1
a: Evoke Teleportation


You were on level 2 of the Dungeon.
You were not hungry.

You visited 1 branch of the dungeon, and saw 3 of its levels.

You collected 40 gold pieces.

Inventory:

Hand Weapons
 a - a +0 short sword
 f - a +1 spear of venom (weapon)
Missiles
 g - 24 stones (quivered)
Jewellery
 r - a cursed ring of teleportation (left tentacle)
Wands
 b - a wand of flame (15)
 c - a wand of enslavement (15)
 d - a wand of random effects (15)
Potions
 i - a potion of curing {unknown}
 j - 2 potions of might {unknown}
 l - a potion of degeneration {unknown}
 m - a potion of cure mutation {unknown}
Comestibles
 e - a bread ration


   Skills:
 - Level 1.0 Fighting
 - Level 1.0 Short Blades
 - Level 2.0 Dodging
 + Level 3.0 Stealth
 + Level 3.9 Evocations


You had one spell level left.
You didn't know any spells.

Dungeon Overview and Level Annotations

Branches:
Dungeon (3/15)

Altars:
Vehumet

Annotations:
D:3 M4edhros's ghost, weakling OpAr


Innate Abilities, Weirdness & Mutations

You cannot wear most types of armour.
You are amphibious.
You can wear up to eight rings at the same time.
You can use your tentacles to constrict eight enemies at once.
Your skin changes colour to match your surroundings (Stealth).
Your rubbery body absorbs attacks (AC +1).


Message History

Attack whom?
Press: ? - help, Dir - move target cursor, f - ball python
Aim: a ball python (resting)
You reach to attack!
The helpless ball python fails to defend itself.
You hit the ball python.
You kill the ball python!
Found a leather armour.
Found a scroll of enchant armour.
Found a radiant altar of Vehumet.
You hit the worm.
The worm is poisoned.
You grab the worm.
The worm is moderately wounded.
You constrict the worm. The worm barely misses you.
You hit the worm.
The worm looks even sicker.
The worm is moderately wounded.
You constrict the worm. You hit the worm.
The worm is severely wounded.
You constrict the worm. The worm bites you!
Ouch! That really hurt!
You die...

#...#.# #.#.#.#
#...#.# #..†#.#
###.....###
..........#
........#.#
........#.#
.......@# #
.......w......#
...#.....?....#
......#...#...#
##.#.###.## ..#
. ...[. .. ## .
##.#. _. . #.
..#


You could see a worm.

Vanquished Creatures
  A shadow imp (D:3)
  A ball python (D:2)
  A bat (D:1)
  A giant cockroach (D:1)
  A goblin (D:3)
  A hobgoblin (D:3)
  2 quokkas (D:2)
  2 giant newts (D:1)
  2 kobolds
  3 rats
15 creatures vanquished.

Notes
Turn   | Place    | Note
--------------------------------------------------------------
     0 | D:1      | M4edhros the Octopode Artificer began the quest for the Orb.
     0 | D:1      | Reached XP level 1. HP: 13/13 MP: 3/3
   566 | D:2      | Reached XP level 2. HP: 18/18 MP: 4/4
   635 | D:3      | Noticed M4edhros's ghost (weakling OpAr)
   657 | D:2      | Found a radiant altar of Vehumet.
   661 | D:2      | Slain by a worm

Vault maps used:
D:1:      dpeg_arrival_erosion
D:2:      overflow_temple_1_default, vehumet_crystals,
          minmay_misc_feat_ornament, xom_teletrap_fun
D:3:      first_bread, uniq_sigmund, uniq_natasha, uniq_robin

Action                   || total
-------------------------++-------
Melee: Short sword       ||    11
       Spear             ||    25
  Use: Scroll            ||     6
 Stab: Sleeping          ||     7
